 Dungeon Crawl Stone Soup version 0.23.2-1-ga50397a (webtiles) character file.

Game seed: 14018994071034785239

50 troglodite the Skirmisher (level 3, -3/34 HPs)
             Began as a Naga Abyssal Knight on May 15, 2019.
             Was a Follower of Lugonu.
             Slain by Terence
             ... wielding a +0 flail
              (6 damage)
             ... on level 2 of the Dungeon.
             The game lasted 00:04:46 (1893 turns).

troglodite the Skirmisher (Naga Abyssal Knight)     Turns: 1893, Time: 00:04:47

Health: -3/34      AC:  2    Str: 14    XL:     3   Next: 79%
Magic:  4/4        EV:  9    Int: 12    God:    Lugonu [*.....]
Gold:   47         SH:  0    Dex: 11    Spells: 2/2 levels left

rFire    . . .     SeeInvis +   a - +1 spear
rCold    . . .     Gourm    .   (no shield)
rNeg     . . .     Faith    .   b - +0 leather armour
rPois    +         Spirit   .   (no helmet)
rElec    .         Reflect  .   (no cloak)
rCorr    +         Harm     .   (no gloves)
MR       .....                  (no barding)
Stlth    +.........             (no amulet)
HPRegen  0.11/turn              g - ring of resist corrosion
MPRegen  0.09/turn              (no ring)

@: very slow
A: large, see invisible, deformed body, poison resistance, slowness 2, slow
metabolism 1, spit poison 1, AC +1
a: Spit Poison, Depart the Abyss, Renounce Religion


You were on level 2 of the Dungeon.
You worshipped Lugonu.
Lugonu was aware of your devotion.
You were not hungry.

You visited 1 branch of the dungeon, and saw 2 of its levels.
You visited the Abyss 1 time.

You collected 47 gold pieces.

Inventory:

Hand Weapons
 a - a +1 spear (weapon)
Armour
 b - a +0 leather armour (worn)
Jewellery
 g - a ring of resist corrosion (left hand)
Scrolls
 d - 3 scrolls of identify {unknown}
 h - a scroll of magic mapping {unknown}
 k - a scroll of fear {unknown}
 l - a scroll of remove curse {unknown}
Potions
 e - a potion of lignification {unknown}
 i - a potion of heal wounds {unknown}
 j - a potion of might {unknown}
Comestibles
 c - 2 rations
 f - 2 chunks of flesh


   Skills:
 * Level 3.4 Fighting
 * Level 2.4 Polearms
 * Level 2.1 Armour
 * Level 1.4 Dodging
 * Level 2.3 Invocations


You had 2 spell levels left.
You didn't know any spells.
Your spell library was empty.

Dungeon Overview and Level Annotations

Branches:
Dungeon (2/15)

Altars:

Annotations:
D:2 Terence


Innate Abilities, Weirdness & Mutations

You cannot wear boots.
Your serpentine skin is tough. (AC +1)
You have supernaturally acute eyesight. (SInv)
Armour fits poorly on your strangely shaped body.
Your system is resistant to poisons. (rPois)
You cover ground very slowly.
You have a slow metabolism.
You can spit poison.


Message History

You barely miss Terence.
Terence is heavily wounded.
Terence hits you with a +0 flail!
Your leather armour prevents you from hitting Terence.
Terence is heavily wounded.
Terence hits you with a +0 flail.
* * * LOW HITPOINT WARNING * * *
You hit Terence.
Terence is almost dead.
You hit Terence but do no damage.
Terence is almost dead.
Terence hits you with a +0 flail.
* * * LOW HITPOINT WARNING * * *
You hit Terence but do no damage.
Terence is almost dead.
Terence barely misses you.
You hit Terence.
Terence is almost dead.
Terence hits you with a +0 flail.
You die...

######.########
#.# #(# #.#
#.###########
#.#..........
#####'#..........
#....รท.....%.....
#........@.!.....
#.........@..?...
#####+#..........
#..........
#..........
#..........
#..........
#..........


You could see Terence.

Vanquished Creatures
  An adder (D:2)
  2 oozes
  A leopard gecko (D:2)
  5 bats (D:1)
  3 giant cockroaches (D:1)
  A hobgoblin (D:1)
  8 jackals (D:1)
  2 kobolds (D:1)
  A frilled lizard (D:1)
  2 goblins (D:1)
  3 rats (D:1)
29 creatures vanquished.

Notes
Turn   | Place    | Note
-------+----------+-------------------------------------------
     0 | Abyss:1  | troglodite the Naga Abyssal Knight began the quest for the
                  | Orb.
     0 | Abyss:1  | Reached XP level 1. HP: 21/21 MP: 2/2
    83 | Abyss:1  | Noticed a large abomination
    88 | D:1      | Escaped the Abyss
   420 | D:1      | Reached XP level 2. HP: 24/28 MP: 3/3
   979 | D:1      | Reached XP level 3. HP: 31/34 MP: 4/4
   984 | D:1      | Reached * piety under Lugonu
  1167 | D:1      | Reached skill level 1 in Dodging
  1874 | D:2      | Noticed Terence
  1893 | D:2      | Slain by Terence

Skill      XL: |  1  2  3 |
---------------+----------+-----
Armour         | 2 |  2.1
Dodging        | 1 |  1.4
Fighting       | |  3.4
Polearms       | |  2.4
Invocations    | |  2.3

Action                   || total
-------------------------++-------
Melee: Spear             ||   143
Invok: Depart the Abyss  ||     1
  Eat: Chunk             ||     2
Armor: Leather armour    ||    25
Dodge: Dodged            ||    76
